 Dungeon Crawl Stone Soup version 0.31.0-9-g3a7656b989 (webtiles) character file.

Game seed: 6326426569289869695

289 Bnni the Cutter (level 6, -2/33 HPs)
             Began as a Vine Stalker Fighter on Jan 30, 2024.
             Slain by Pikel
             ... wielding a +0 whip of electrocution
              (6 damage)
             ... on level 4 of the Dungeon.
             The game lasted 00:06:55 (2525 turns).

Bnni the Cutter (Vine Stalker Fighter)              Turns: 2525, Time: 00:06:55

Health: -2/33      AC: 12    Str: 18    XL:     6   Next: 31%
Magic:  0/7        EV:  7    Int:  8    God:
Gold:   118        SH:  5    Dex: 16    Spells: 5/5 levels left

rFire   . . .        l - +0 dagger (venom)
rCold   + . .        c - +0 buckler
rNeg    . . .        r - +2 chain mail {rC+}
rPois   .            f - +1 hat {Stlth+}
rElec   .            (no cloak)
rCorr   .            i - +0 pair of gloves
SInv    .            (no boots)
Will    .....        (no amulet) Stlth
                     (no ring)
HPRegen 1.05/turn    (no ring)
MPRegen 0.10/turn

%: guardian spirit
@: studying Air Magic
A: fangs 2, regeneration 1, magic shield, antimagic bite, no potion heal 2
a: no special abilities


You were on level 4 of the Dungeon.
You visited 1 branch of the dungeon, and saw 4 of its levels.

You collected 166 gold pieces.
You spent 48 gold pieces at shops.

Inventory:

Hand Weapons
 a - a +2 sling of flaming
 l - a +0 dagger of venom (weapon)
Armour
 c - a +0 buckler (worn)
 f - a +1 hat of stealth (worn)
 i - a +0 pair of gloves (worn)
 r - a +2 chain mail of cold resistance (worn)
Wands
 j - a wand of flame (20)
 q - a wand of iceblast (9)
Scrolls
 e - a scroll of revelation
 k - a scroll of enchant armour
 n - a scroll of enchant weapon {unknown}
 p - 3 scrolls of vulnerability {unknown}
Potions
 d - a potion of might
 g - a potion of lignification {unknown}
 h - 2 potions of curing
 m - a potion of invisibility
 o - a potion of berserk rage {unknown}


   Skills:
 + Level 3.8 Fighting
 * Level 4.2 Short Blades
 - Level 2.4 Armour
 - Level 4.0 Shields


You had 5 spell levels left.
You didn't know any spells.
Your spell library contained the following spells:

 Spells                   Type           Power      Damage    Failure   Level
 Call Imp                 Summ           0%         N/A       100%        2
 Sublimation of Blood     Necr           0%         N/A       100%        2
 Summon Hydra             Summ           0%         N/A       100%        7


Dungeon Overview and Level Annotations

Branches:
Dungeon (4/15)
 Temple: D:4-7

Altars:
Fedhas

Shops:
D:1 [   D:2 (   D:4 *

Annotations:
D:4 Pikel


Innate Abilities, Weirdness & Mutations

You have extremely sharp teeth.
Your natural rate of healing is unusually fast.
When hurt, damage is shared between your health and your magic reserves.
Your bite disrupts and absorbs the magic of your enemies.
Potions cannot restore your health.


Message History

You hit Pikel but do no damage. You block Pikel's attack.
You hit Pikel.
Pikel is poisoned.
Pikel is lightly wounded.
Pikel hits you with a +0 whip of electrocution.
You completely miss Pikel. You bite Pikel, but do no damage.
Pikel is lightly wounded.
You kill the lemure!
That felt strangely unrewarding.
Pikel hits you but does no damage.
You are electrocuted!
You completely miss Pikel.
Pikel is lightly wounded.
You block Pikel's attack.
You hit Pikel but do no damage. Your bite misses Pikel.
Pikel is lightly wounded.
You hit Pikel.
Pikel looks as sick as possible!
You bite Pikel, but do no damage.
Pikel is moderately wounded.
Pikel hits you but does no damage.
You hit Pikel.
Pikel looks as sick as possible!
You bite Pikel. You drain his power.
You feel invigorated.
Pikel is heavily wounded.
Pikel barely misses you.
You hit Pikel but do no damage.
Pikel looks as sick as possible!
Your bite misses Pikel.
Pikel is heavily wounded.
Pikel hits you with a +0 whip of electrocution.
You are electrocuted!
* * * LOW HITPOINT WARNING * * *
You are too injured to fight recklessly!
You are too injured to fight recklessly!
Unknown command.
You hit Pikel.
Pikel looks as sick as possible!
Your bite misses Pikel.
Pikel is severely wounded.
Pikel hits you with a +0 whip of electrocution!
* * * LOW HITPOINT WARNING * * *
You hit Pikel.
Pikel looks as sick as possible!
Pikel is almost dead.
Pikel hits you with a +0 whip of electrocution!
You die...
Pikel says, "See you in Hell!"

## .# .# .# #####+##
.# #......#
#######+###......+
..#......##..###@####
..#.(....##..###K##.#
..#......'.[..#555..#
..#......#....#.....#
.##..##..##...##..###
.##'############..#
......# #.......#
......# #.......#
......# #.......#


You could see Pikel (extremely poisoned) and 3 lemures.

Vanquished Creatures
  A lemure (D:4)
  A scorpion (D:4)
  A bombardier beetle (D:3)
  Ijyb (D:4)
  3 gnolls (D:4)
  6 adders
  2 dart slugs (D:1)
  4 ribbon worms
  3 orcs (D:3)
  4 endoplasms
  3 giant cockroaches
  4 goblins
  8 hobgoblins
  3 jackals (D:2)
  5 quokkas
  6 ball pythons
  7 bats
  2 frilled lizards (D:1)
  8 kobolds
  3 rats
75 creatures vanquished.

Notes
Turn   | Place    | Note
-------+----------+-------------------------------------------
     0 | D:1      | Bnni the Vine Stalker Fighter began the quest for the Orb.
     0 | D:1      | Reached XP level 1. HP: 11/11 MP: 2/2
   122 | D:1      | Reached XP level 2. HP: 16/16 MP: 1/3
   165 | D:1      | Found Qeav's Armour Shop.
   524 | D:1      | Reached XP level 3. HP: 19/19 MP: 4/4
   973 | D:2      | Found Vayvig's Weapon Boutique.
   983 | D:2      | Reached XP level 4. HP: 24/24 MP: 5/5
   991 | D:2      | Bought a +0 dagger of venom for 48 gold pieces
  1572 | D:3      | Found a faded altar of an unknown god.
  1675 | D:3      | Reached XP level 5. HP: 28/28 MP: 3/6
  2070 | D:4      | Found a blossoming altar of Fedhas.
  2276 | D:4      | Reached XP level 6. HP: 26/33 MP: 5/7
  2397 | D:4      | Found Nizimil's Overcharged Wands.
  2448 | D:4      | Noticed Ijyb
  2459 | D:4      | Killed Ijyb
  2494 | D:4      | Noticed Pikel
  2525 | D:4      | Slain by Pikel

Illustrated notes

Levels and vault maps discovered:
D:1:      dpeg_arrival_pond, layout_loops_ring, serial_shops, shop,
          serial_bayou_lagoon_a, nicolae_concentric_dashed_squares_mild,
          grunt_decor_junction
D:2:      layout_rooms, serial_shops, nicolae_shop_advertising_works
          [nicolae_subvault_shop_adworks], serial_bayou, serial_bayou_lake_a,
          serial_bayou_pond_d, serial_bayou_shore_b, serial_bayou_pond_a,
          minmay_fractal_squares_gapless_5
D:3:      layout_basic, dilly_ecumenical_altar_fadedgnrine
D:4:      layout_gridville, lemuel_coloured_pillars_altar, old_standard_altar,
          nicolae_shop_overcharged_wands, uniq_blork_the_orc, uniq_ijyb,
          uniq_pikel

Skill      XL: |  1  2  3  4  5  6 |
---------------+-------------------+-----
Short Blades   | 2 3 4 |  4.2
Shields        | 3 4 |  4.0
Fighting       | 3 |  3.8
Armour         | |  2.4

Action                     |  1- 3 |  4- 6 || total
---------------------------+-------+-------++-------
  Melee: Rapier            |   127 |       ||   127
         Bite              |    38 |    48 ||    86
         Dagger            |       |   156 ||   156
    Use: Scroll            |       |     5 ||     5
   Stab: Sleeping          |     2 |     2 ||     4
 Armour: Scale mail        |    80 |    75 ||   155
         Chain mail        |       |    10 ||    10
  Dodge: Dodged            |    42 |    47 ||    89
  Block: Buckler           |    21 |    30 ||    51
